 Dungeon Crawl Stone Soup version 0.25-a0-100-g33052ceff8 (console) character file.

Game seed: 15710179609483225431, levelgen mode: deterministic

1728 Kagalorn the Thaumaturge (level 9, 0/65 HPs)
             Began as a Gnoll Wizard on Nov 14, 2019.
             Slain by an orc wizard
             ... wielding a +0 dagger
              (7 damage)
             ... on level 6 of the Dungeon.
             The game lasted 00:18:56 (6363 turns).

Kagalorn the Thaumaturge (Gnoll Wizard)             Turns: 6363, Time: 00:18:57

Health: 0/65       AC:  5    Str: 10    XL:     9   Next: 5%
Magic:  1/21       EV: 15    Int: 24    God:
Gold:   312        SH:  0    Dex: 13    Spells: 15/24 levels left

rFire    . . .     SeeInvis .   a - +2 dagger (venom)
rCold    . . .     Gourm    .   (no shield)
rNeg     . . .     Faith    .   I - +0 robe
rPois    .         Spirit   .   b - +0 hat
rElec    .         Reflect  .   E - +2 cloak
rCorr    .         Harm     .   (no gloves)
MR       .....                  (no boots)
Stlth    +++.......             (no amulet)
HPRegen  0.20/turn              (no ring)
MPRegen  0.17/turn              (no ring)

@: no status effects
A: distributed training, fangs 1, strong nose
a: no special abilities


You were on level 6 of the Dungeon.
You were hungry.

You visited 2 branches of the dungeon, and saw 7 of its levels.

You collected 312 gold pieces.

Inventory:

Hand Weapons
 a - a +2 dagger of venom (weapon)
 c - a +0 dagger
 j - a +0 short sword
 k - a +0 hunting sling
 D - a +0 fustibalus
 F - the +9 falchion of Foolhardiness {drain, rElec rPois Dex-4, unknown}
   (You found it on level 4 of the Dungeon)

   A truly terrible weapon, it drains the life of those it strikes.
   It affects your dexterity (-4).
   It insulates you from electricity.
   It protects you from poison.
 M - a +0 morningstar
Missiles
 e - 236 stones (quivered)
 t - 43 bolts
 y - 42 sling bullets
 A - 44 arrows
Armour
 b - a +0 hat (worn)
 f - a +0 ring mail
 E - a +2 cloak (worn)
 I - a +0 robe (worn)
Jewellery
 o - a cursed -3 ring of intelligence {unknown}
 r - an uncursed ring of fire {unknown}
Wands
 J - a wand of clouds (4)
 L - a wand of flame (29)
 N - a wand of random effects (20)
Scrolls
 g - 2 scrolls of immolation {unknown}
 h - 9 scrolls of identify {unknown}
 i - 2 scrolls of fear {unknown}
 u - 2 scrolls of fog {unknown}
 v - 3 scrolls of teleportation {unknown}
 w - a scroll of enchant armour {unknown}
 x - a scroll of remove curse {unknown}
 B - a scroll of enchant weapon {unknown}
 G - a scroll of blinking {unknown}
 K - a scroll of random uselessness {unknown}
Potions
 l - 2 potions of brilliance {unknown}
 m - 2 potions of agility {unknown}
 n - a potion of berserk rage {unknown}
 p - 2 potions of ambrosia {unknown}
 q - 2 potions of heal wounds {unknown}
 s - 2 potions of curing {unknown}
 z - 2 potions of mutation {unknown}
 C - a potion of flight {unknown}
 H - a potion of lignification {unknown}
Comestibles
 d - 10 rations


   Skills:
 + Level 3.7 Fighting
 + Level 3.7 Short Blades
 + Level 3.7 Long Blades
 + Level 3.7 Axes
 + Level 3.7 Maces & Flails
 + Level 3.7 Polearms
 + Level 3.7 Staves
 + Level 3.7 Slings
 + Level 3.7 Bows
 + Level 3.7 Crossbows
 + Level 3.7 Throwing
 + Level 3.7 Armour
 + Level 6.0 Dodging
 + Level 5.7 Stealth
 + Level 3.7 Shields
 + Level 3.7 Unarmed Combat
 + Level 8.1 Spellcasting
 + Level 3.8 Conjurations
 + Level 3.1 Hexes
 + Level 3.1 Charms
 + Level 3.8 Summonings
 + Level 3.1 Necromancy
 + Level 3.8 Translocations
 + Level 3.1 Transmutations
 + Level 3.1 Fire Magic
 + Level 3.1 Ice Magic
 + Level 3.1 Air Magic
 + Level 3.1 Earth Magic
 + Level 3.1 Poison Magic
 + Level 4.1 Invocations
 + Level 3.7 Evocations


You had 15 spell levels left.
You knew the following spells:

 Your Spells              Type           Power        Failure   Level  Hunger
a - Magic Dart            Conj           ####         1%          1    None
c - Conjure Flame         Conj/Fire      ####....     4%          3    None
e - Mephitic Cloud        Conj/Pois/Air  ####....     4%          3    None
g - Blink                 Tloc           N/A          1%          2    None

Your spell library contained the following spells:

 Spells                   Type           Power        Failure   Level  Hunger
 Call Imp                 Summ           ####....     1%          2    None
 Slow                     Hex            ###.....     2%          2    None


Dungeon Overview and Level Annotations

Branches:
Dungeon (6/15)             Temple (1/1) D:5

Altars:
Ashenzari
Cheibriados
Dithmenos
Fedhas
Hepliaklqana
Kikubaaqudgha
Makhleb
Nemelex Xobeh
Okawaru
Ru
Trog
Uskayaw
Vehumet
Wu Jian
Xom
Yredelemnul
Zin
The Shining One


Innate Abilities, Weirdness & Mutations

Your experience applies equally to all skills.
You have very sharp teeth.
Your uncanny sense of smell can sniff out nearby items.


Message History

You hit the orc wizard.
The orc wizard is poisoned.
The orc wizard is lightly wounded.
The orc misses you.
You closely miss the orc wizard.
The orc wizard is lightly wounded.
The orc wizard hits you but does no damage.
You hit the orc wizard.
The orc wizard looks as sick as possible!
The orc wizard is moderately wounded.
The orc wizard gestures at you while chanting.
The magic dart hits you!
* * * LOW HITPOINT WARNING * * *
The orc hits you from afar with a +0 trident.
* * * LOW HITPOINT WARNING * * *
The orc wizard closely misses you.
There is a stone staircase leading up, spattered with blood here.
The orc wizard hits you with a +0 dagger.
* * * LOW HITPOINT WARNING * * *
The orc wizard hits you with a +0 dagger!
You die...

#......#.........
#......#........
#......#......>.
#......#o......###+######
#......#[###'###.........
###......................
#......................
#...........oo.........
#.............@†.......
+......................
#.............#########
#.............##
#..............#
########.......#
#...._..# #.......#
#.......#


You could see an orc wizard and an orc.

Vanquished Creatures
  Pikel (D:5)
  Edmund (D:5)
  Menkaure (D:5)
  An orc warrior (D:6)
  2 phantoms
  2 ogres
  A scorpion (D:3)
  3 crimson imps
  An orc wizard (D:4)
  2 orc priests
  3 hounds
  A centaur skeleton (D:4)
  Ijyb (D:4)
  An iguana (D:4)
  3 worker ants
  7 adders
  An ooze (D:1)
  A dart slug (D:2)
  6 leopard geckos
  5 orcs
  A ball python (D:1)
  5 giant cockroaches
  4 goblins
  6 hobgoblins
  15 jackals
  A quokka (D:4)
  7 bats
  2 frilled lizards
  7 kobolds
  6 rats
98 creatures vanquished.

Notes
Turn   | Place    | Note
-------+----------+-------------------------------------------
     0 | D:1      | Kagalorn the Gnoll Wizard began the quest for the Orb.
     0 | D:1      | Reached XP level 1. HP: 13/13 MP: 8/8
   153 | D:1      | Reached XP level 2. HP: 18/20 MP: 1/10
   953 | D:2      | Reached XP level 3. HP: 25/25 MP: 8/11
  1158 | D:2      | Reached skill level 1 in Invocations
  1166 | D:2      | Learned a level 2 spell: Blink
  1438 | D:2      | Reached skill level 1 in Fighting
  1438 | D:2      | Reached skill level 1 in Short Blades
  1438 | D:2      | Reached skill level 1 in Long Blades
  1438 | D:2      | Reached skill level 1 in Axes
  1438 | D:2      | Reached skill level 1 in Maces & Flails
  1438 | D:2      | Reached skill level 1 in Polearms
  1438 | D:2      | Reached skill level 1 in Staves
  1438 | D:2      | Reached skill level 1 in Slings
  1438 | D:2      | Reached skill level 1 in Bows
  1438 | D:2      | Reached skill level 1 in Crossbows
  1438 | D:2      | Reached skill level 1 in Throwing
  1438 | D:2      | Reached skill level 1 in Armour
  1438 | D:2      | Reached skill level 1 in Shields
  1438 | D:2      | Reached skill level 1 in Unarmed Combat
  1438 | D:2      | Reached skill level 1 in Evocations
  1498 | D:2      | Reached XP level 4. HP: 31/32 MP: 9/13
  1514 | D:2      | Found a sacrificial altar of Ru.
  1514 | D:2      | Found a radiant altar of Vehumet.
  1706 | D:3      | Found a hide-covered altar of Uskayaw.
  2179 | D:3      | Found a glowing golden altar of the Shining One.
  2485 | D:4      | Reached skill level 1 in Hexes
  2485 | D:4      | Reached skill level 1 in Charms
  2485 | D:4      | Reached skill level 1 in Necromancy
  2485 | D:4      | Reached skill level 1 in Transmutations
  2485 | D:4      | Reached skill level 1 in Fire Magic
  2485 | D:4      | Reached skill level 1 in Ice Magic
  2485 | D:4      | Reached skill level 1 in Air Magic
  2485 | D:4      | Reached skill level 1 in Earth Magic
  2485 | D:4      | Reached skill level 1 in Poison Magic
  2519 | D:4      | Got an encrusted falchion
  2547 | D:4      | Reached XP level 5. HP: 37/37 MP: 5/14
  2908 | D:4      | Noticed Ijyb
  2908 | D:4      | Paralysed by Ijyb for 5 turns
  2918 | D:4      | Paralysed by Ijyb for 6 turns
  2935 | D:4      | Paralysed by Ijyb for 3 turns
  2940 | D:4      | Killed Ijyb
  3529 | D:4      | Learned a level 3 spell: Conjure Flame
  3533 | D:4      | Learned a level 3 spell: Mephitic Cloud
  3536 | D:4      | Noticed an ogre
  3548 | D:4      | Killed an ogre
  3548 | D:4      | Reached XP level 6. HP: 34/44 MP: 11/16
  3595 | D:3      | Reached skill level 5 in Dodging
  3703 | D:4      | Found a sparkling altar of Nemelex Xobeh.
  3720 | D:4      | Found an ornate altar of the Wu Jian Council.
  4348 | D:4      | Reached XP level 7. HP: 37/50 MP: 15/18
  4401 | D:4      | Found a shimmering altar of Xom.
  4457 | D:5      | Entered Level 5 of the Dungeon
  4614 | D:5      | Found a shattered altar of Ashenzari.
  4662 | D:5      | Found a staircase to the Ecumenical Temple.
  4663 | D:5      | Found an ancient bone altar of Kikubaaqudgha.
  4677 | Temple   | Entered the Ecumenical Temple
  4981 | D:5      | Noticed Menkaure
  5122 | D:5      | Killed Menkaure
  5122 | D:5      | Reached skill level 5 in Stealth
  5316 | D:5      | Noticed Pikel
  5749 | D:5      | Killed Pikel
  5749 | D:5      | Reached XP level 8. HP: 29/58 MP: 11/19
  6039 | D:5      | Noticed Edmund
  6054 | D:5      | Killed Edmund
  6054 | D:5      | Reached skill level 8 in Spellcasting
  6257 | D:6      | Found a sparkling altar of Nemelex Xobeh.
  6350 | D:6      | Reached XP level 9. HP: 25/65 MP: 1/21
  6363 | D:6      | Slain by an orc wizard

Levels and vault maps discovered:
D:1:      co_arrival_random_square_maze, layout_loops_corners,
          minmay_tree_intersection, minivault_5, minivault_23
D:2:      layout_loops_ring, gammafunk_temple_overflow_pools, first_ration
D:3:      layout_basic, nicolae_overflow_crystal_walls,
          overflow_temple_1_default, hangedman_decor_push
D:4:      layout_rooms, nicolae_overflow_hidden_temple, kennysheep_little_box,
          nemelex_lonely_heart_becter, uniq_ijyb
D:5:      layout_rooms, old_standard_altar, kiku_gazebo_pond_becter,
          minmay_temple_entry_proselytizer, uniq_edmund, uniq_menkaure,
          uniq_pikel
D:6:      layout_gridville, basic_altar, gammafunk_ghost_cemetery
Temple:   jpeg_temple_alley_garden

Skill      XL: |  1  2  3  4  5  6  7  8 |
---------------+-------------------------+-----
Conjurations   | 2 3 |  3.8
Summonings     | 2 3 |  3.8
Translocations | 2 3 |  3.8
Invocations    | 1 2 3 4 |  4.1
Fighting       | 1 2 3 |  3.7
Short Blades   | 1 2 3 |  3.7
Long Blades    | 1 2 3 |  3.7
Axes           | 1 2 3 |  3.7
Maces & Flails | 1 2 3 |  3.7
Polearms       | 1 2 3 |  3.7
Staves         | 1 2 3 |  3.7
Slings         | 1 2 3 |  3.7
Bows           | 1 2 3 |  3.7
Crossbows      | 1 2 3 |  3.7
Throwing       | 1 2 3 |  3.7
Armour         | 1 2 3 |  3.7
Shields        | 1 2 3 |  3.7
Unarmed Combat | 1 2 3 |  3.7
Evocations     | 1 2 3 |  3.7
Hexes          | 1 2 3 |  3.1
Charms         | 1 2 3 |  3.1
Necromancy     | 1 2 3 |  3.1
Transmutations | 1 2 3 |  3.1
Fire Magic     | 1 2 3 |  3.1
Ice Magic      | 1 2 3 |  3.1
Air Magic      | 1 2 3 |  3.1
Earth Magic    | 1 2 3 |  3.1
Poison Magic   | 1 2 3 |  3.1
Dodging        | 5 6 |  6.0
Stealth        | 5 |  5.7
Spellcasting   | 8 |  8.1

Action                   |  1- 3 |  4- 6 |  7- 9 || total
-------------------------+-------+-------+-------++-------
Melee: Short sword       |    12 |    84 |       ||    96
       Dagger            |     7 |     5 |    72 ||    84
       Bite              |     1 |    14 |     5 ||    20
       Punch             |       |       |     3 ||     3
 Cast: Magic Dart        |    74 |   123 |    85 ||   282
       Blink             |       |     2 |     4 ||     6
       Mephitic Cloud    |       |     5 |     4 ||     9
Evoke: Wand              |       |       |     1 ||     1
 Stab: Confused          |       |     4 |     2 ||     6
  Eat: Chunk             |     1 |     6 |     2 ||     9
       Ration            |       |     1 |     1 ||     2
Armor: Ring mail         |    14 |    19 |       ||    33
       Robe              |       |    18 |    25 ||    43
Dodge: Dodged            |    30 |    84 |    90 ||   204

Table legend:
 A = Non-vault XP
 B = Vault XP
 C = Vault XP percentage of total XP
 D = Non-vault monster count
 E = Vault monster count
 F = Vault count percentage of total count
                 A         B        C        D         E       F
            +---------+---------+-------+---------+---------+-------
      Total |    1423 |    1046 |  42.4 |      93 |       5 |   5.1
            +---------+---------+-------+---------+---------+-------
        D:1 |      33 |       0 |   0.0 |      18 |       0 |   0.0
        D:2 |      56 |       0 |   0.0 |      23 |       0 |   0.0
        D:3 |     103 |       0 |   0.0 |      12 |       0 |   0.0
        D:4 |     471 |      36 |   7.1 |      21 |       1 |   4.5
        D:5 |     452 |    1010 |  69.1 |      11 |       4 |  26.7
        D:6 |     308 |       0 |   0.0 |       8 |       0 |   0.0
            +---------+---------+-------+---------+---------+-------
